 Dungeon Crawl Stone Soup version 0.29.0-11-gd7f09526c8 (webtiles) character file.

Game seed: 14030535886929516346

256 SensoryNuts the Slasher (level 5, 0/41 HPs)
             Began as a Demonspawn Fighter on Sept 3, 2022.
             Slain by an ice beast (9 damage)
             ... on level 4 of the Dungeon.
             The game lasted 00:02:48 (3061 turns).

SensoryNuts the Slasher (Demonspawn Fighter)        Turns: 3061, Time: 00:02:49

Health: 0/41       AC:  9    Str: 16    XL:     5   Next: 92%
Magic:  5/5        EV:  9    Int:  9    God:
Gold:   176        SH:  5    Dex: 15    Spells: 4/4 levels left

rFire   . . .      SeeInvis .   a - +1 long sword (vorpal)
rCold   . . .      Faith    .   c - +0 buckler
rNeg    . . .      Spirit   .   b - +0 scale mail
rPois   .          Reflect  .   (no helmet)
rElec   .          Harm     .   j - +0 cloak
rCorr   .          Rampage  .   (no gloves)
Will    .....                   i - +0 pair of boots
Stlth   ..........              (no amulet)
HPRegen 0.13/turn               (no ring)
MPRegen 0.09/turn               (no ring)

@: no status effects
A: claws 1, demonic guardian 1
a: no special abilities


You were on level 4 of the Dungeon.
You visited 1 branch of the dungeon, and saw 4 of its levels.

You collected 176 gold pieces.

Inventory:

Hand Weapons
 a - a +1 vorpal long sword (weapon)
Missiles
 o - a throwing net (quivered)
Armour
 b - a +0 scale mail (worn)
 c - a +0 buckler (worn)
 i - a +0 pair of boots (worn)
 j - a +0 cloak (worn)
Jewellery
 l - a ring of willpower
 n - an amulet of regeneration
Scrolls
 d - a scroll of immolation
 h - 4 scrolls of identify
Potions
 f - 2 potions of haste
 g - 2 potions of lignification
 k - 5 potions of brilliance
 p - a potion of curing


   Skills:
 + Level 3.5 Fighting
 * Level 4.4 Long Blades
 + Level 3.3 Armour
 + Level 0.8 Dodging
 + Level 0.2 Stealth
 + Level 3.2 Shields


You had 4 spell levels left.
You didn't know any spells.
Your spell library contained the following spells:

 Spells                   Type           Power      Damage    Failure   Level
 Blade Hands              Tmut           0%         N/A       100%        5
 Irradiate                Conj/Tmut      0%         3d11      100%        5
 Dragon Form              Tmut           0%         N/A       100%        7


Dungeon Overview and Level Annotations

Branches:
Dungeon (4/15)
 Temple: D:4-7

Altars:
Okawaru

Shops:
D:3 [


Innate Abilities, Weirdness & Mutations

You have sharp fingernails.
A weak demonic guardian rushes to your aid.


Message History

You slash the ice beast!
The ice beast is moderately wounded.
The ice beast hits you but does no damage.
You closely miss the ice beast.
The ice beast is moderately wounded.
The ice beast hits you but does no damage.
You swap places.
Your shadow imp hits the ice beast but does no damage.
The ice beast hits your shadow imp but does no damage.
Your shadow imp hits the ice beast.
The ice beast hits your shadow imp. The ice beast freezes your shadow imp.
Your shadow imp resists.
Your shadow imp hits the ice beast but does no damage.
The ice beast barely misses your shadow imp.
Your shadow imp barely misses the ice beast.
The ice beast hits your shadow imp but does no damage.
You see here a +0 mace.
Your shadow imp disappears in a puff of smoke!
An ice beast is nearby!
An ice beast is nearby!
An ice beast is nearby!
An ice beast is nearby!
Your extra speed is starting to run out.
You see here a hound skeleton.
An ice beast is nearby!
An ice beast is nearby!
You feel yourself slow down.
You see here a +0 mace.
You see here a hound skeleton.
You see here a hound skeleton.
The ice beast hits you. The ice beast freezes you!
The ice beast attacks as you move away!
The ice beast hits you but does no damage.
The ice beast hits you but does no damage.
Things that are here:
a +0 dagger; a goblin skeleton The ice beast attacks as you move away!
The ice beast hits you.
* * * LOW HITPOINT WARNING * * *
The ice beast freezes you!
You die...

#.#
#Y#.##.#.#.#.##...#
#.#
#.#.##.#.#.#<.)...#
#.#
#.#.#..#.#.#.##.#.#
#.#
#.#.#.##.#...##.#.#
#.#
#.#.#.##.#.####.#.#
#.#
#.#.#.##.#......#.#
#.#
#.#.#.##.#.######.#
#.# #.#.#.##.#.# #.#
#.# #.#.#@##.#.# #.#
#.########.#.#Y##.#.#
#..
#.#........#.#)##.#.#
###
#.#.........รท.....#.#
#.##########.#......#
#............########
############.# ###


You could see an ice beast.

Vanquished Creatures
  2 hounds (D:4)
  Jessica (D:2)
  An orc wizard (D:3)
  A gnoll (D:1)
  5 adders
  A worm (D:2)
  3 dart slugs
  13 orcs (D:3)
  6 endoplasms
  2 giant cockroaches (D:1)
  4 goblins
  5 hobgoblins
  3 quokkas
  A ball python (D:1)
  8 bats
  5 frilled lizards
  8 kobolds
  7 rats
76 creatures vanquished.

Vanquished Creatures (collateral kills)
  A ball python (D:2)
1 creature vanquished.

Vanquished Creatures (others)
  8 plants (D:1)
8 creatures vanquished.

Grand Total: 85 creatures vanquished

Notes
Turn   | Place    | Note
-------+----------+-------------------------------------------
     0 | D:1      | SensoryNuts the Demonspawn Fighter began the quest for the
                  | Orb.
     0 | D:1      | Reached XP level 1. HP: 18/18 MP: 1/1
    16 | D:1      | Reached skill level 2 in Long Blades
    16 | D:1      | Gained mutation: A weak demonic guardian rushes to your
                  | aid. [demonic ancestry]
    16 | D:1      | Reached XP level 2. HP: 24/24 MP: 2/2
   200 | D:1      | Found a faded altar of an unknown god.
   429 | D:1      | Reached XP level 3. HP: 28/29 MP: 3/3
  1124 | D:2      | Found an iron altar of Okawaru.
  1202 | D:2      | Reached skill level 3 in Long Blades
  1202 | D:2      | Gained mutation: You have sharp fingernails. [demonic
                  | ancestry]
  1202 | D:2      | Reached XP level 4. HP: 33/35 MP: 4/4
  1237 | D:2      | Noticed Jessica
  1240 | D:2      | Killed Jessica
  1672 | D:3      | Found Odghuowk's Armour Shoppe.
  1866 | D:3      | Reached XP level 5. HP: 16/41 MP: 5/5
  2689 | D:4      | Reached skill level 4 in Long Blades
  2972 | D:4      | Noticed an ice beast
  2974 | D:4      | Noticed an ice beast
  2974 | D:4      | Noticed an ogre
  3061 | D:4      | Slain by an ice beast

Illustrated notes

Levels and vault maps discovered:
D:1:      dpeg_arrival_boxorama, layout_rooms,
          hellmonk_ecumenical_altar_zigzags, serial_bayou, serial_bayou_shore_b,
          serial_bayou_ford_a, serial_bayou_crossing, serial_bayou_pond_a,
          hangedman_decor_slide_cut, lexackson_kobold_supper
D:2:      layout_basic, basic_altar, uniq_jessica
D:3:      layout_basic, serial_shops, nicolae_shop_hallway_stairs
D:4:      layout_basic

Skill      XL: |  1  2  3  4  5 |
---------------+----------------+-----
Long Blades    | 2 3 4 |  4.4
Shields        | 3 |  3.2
Armour         | 3 |  3.3
Fighting       | |  3.5
Dodging        | |  0.8
Stealth        | |  0.2

Action                   |  1- 3 |  4- 6 || total
-------------------------+-------+-------++-------
Melee: Long sword        |   111 |   110 ||   221
  Use: Scroll            |     3 |     7 ||    10
       Potion            |       |     2 ||     2
Armor: Scale mail        |    68 |    57 ||   125
Dodge: Dodged            |    61 |    36 ||    97
Block: Buckler           |    29 |    17 ||    46
